 Dungeon Crawl Stone Soup version 0.22-a0-278-g8f80174 (webtiles) character file.

26 GizzardofKazz the Shield-Bearer (level 3, 0/29 HPs)
             Began as a Formicid Fighter on Mar 15, 2018.
             Succumbed to a gnoll's poison
             ... on level 1 of the Dungeon.
             The game lasted 00:03:01 (608 turns).

GizzardofKazz the Shield-Bearer (Formicid Fighter)   Turns: 608, Time: 00:03:02

Health: 0/29       AC:  6    Str: 25    XL:     3   Next: 22%
Magic:  3/3        EV:  8    Int:  7    God:
Gold:   30         SH: 10    Dex: 11    Spells: 2/2 levels left

rFire    . . .     SeeInvis +   a - +0 flail
rCold    . . .     Gourm    .   c - +0 shield
rNeg     . . .     Faith    .   b - +0 scale mail
rPois    .         Spirit   .   (helmet unavailable)
rElec    .         Reflect  .   (no cloak)
rCorr    .         Harm     .   (no gloves)
MR       .....                  (no boots)
Stlth    ..........             (no amulet)
HPRegen  0.09/turn              (no ring)
MPRegen  0.08/turn              (no ring)

@: mighty, lethally poisoned (0 -> -39)
A: permanent stasis, dig shafts and tunnels, four strong arms, antennae 3
a: Dig, Shaft Self


You were on level 1 of the Dungeon.
You were not hungry.

You visited 1 branch of the dungeon, and saw 2 of its levels.

You collected 30 gold pieces.

Inventory:

Hand Weapons
 a - a +0 flail (weapon)
Armour
 b - a +0 scale mail (worn)
 c - a +0 shield (worn)
Jewellery
 j - an uncursed ring of see invisible {unknown}
Scrolls
 e - a scroll of enchant weapon {unknown}
 h - a scroll of identify {unknown}
 i - a scroll of remove curse {unknown}
Comestibles
 f - a ration


   Skills:
 - Level 3.2 Fighting
 + Level 2.8 Maces & Flails
 - Level 3.2 Armour
 + Level 4.3 Shields


You had 2 spell levels left.
You didn't know any spells.

Dungeon Overview and Level Annotations

Branches:
Dungeon (2/15)

Altars:


Innate Abilities, Weirdness & Mutations

You cannot be hasted, slowed, berserked, paralysed or teleported.
You can dig through walls and to a lower floor.
Your four strong arms can wield two-handed weapons with a shield.
You have a pair of large antennae on your head. (SInv)


Message History

You are poisoned.
The gnoll hits you with a halberd.
You climb upwards.
You feel sick.
There is a stone staircase leading down here.
You closely miss the gnoll. You block the gnoll's attack.
The gnoll hits you but does no damage.
You are lethally poisoned!
You closely miss the gnoll.
You feel sick. The gnoll hits you but does no damage.
You are more poisoned.
You block the gnoll's attack.
You sock the gnoll!
The gnoll is heavily wounded.
You feel very sick.
The gnoll hits you with a halberd of venom!
* * * LOW HITPOINT WARNING * * *
You are more poisoned.
The gnoll barely misses you.
You feel very mighty all of a sudden.
You die...

#.#.# #.# #.# #.# #...#
#.#.#####.# #.###.## ##.⌠.
######.........#####......#
#...
........(#####............#
##.. ########.#
#######.###..######. #.# #.#
#......... #####.### #.#
#.......## #.......#########.#
#...###.#
#.#####......@....###...###.##
#.# #......gg......#..##....
####.#
#.................##..##
.....# #.#.#############.##..#
####.#####..#.######## #.#...#
#.......###.......# #.#..##
###########.#.######.# ##.#..#
........# ##..# #.####.....#
#######.# #..# #.(....#...#


You could see 2 gnolls.

Vanquished Creatures
  A leopard gecko (D:1)
  A ball python (D:1)
  4 bats (D:1)
  2 giant cockroaches (D:1)
  3 goblins (D:1)
  4 hobgoblins (D:1)
  3 jackals (D:1)
  A frilled lizard (D:1)
  A kobold (D:1)
  A rat (D:1)
21 creatures vanquished.

Notes
Turn   | Place    | Note
-------+----------+-------------------------------------------
     0 | D:1      | GizzardofKazz the Formicid Fighter began the quest for the Orb.
     0 | D:1      | Reached XP level 1. HP: 18/18 MP: 1/1
    74 | D:1      | Reached XP level 2. HP: 19/24 MP: 2/2
    85 | D:1      | Reached skill level 4 in Shields
   280 | D:1      | Reached XP level 3. HP: 25/29 MP: 3/3
   607 | D:1      | HP: 1/29 [gnoll/halberd of venom (10)]
   608 | D:1      | Succumbed to a gnoll's poison

Vault maps used:
D:1:      scummos_arrival_simple_fountains

Skill      XL: |  1  2 |
---------------+-------+-----
Shields        | 4 |  4.3
Fighting       | |  3.2
Maces & Flails | |  2.8
Armour         | |  3.2

Action                   || total
-------------------------++-------
Melee: Flail             ||    80
  Use: Potion            ||     1
Armor: Scale mail        ||    36
Dodge: Dodged            ||    23
Block: Shield            ||    61

Table legend:
 A = Spawn XP
 B = Non-spawn XP
 C = Spawn XP percentage of total XP
 D = Spawn monster count
 E = Non-spawn monster count
 F = Spawn count percentage of total count
 G = Total turns spent on level
                    A         B        C        D         E        F      G
               +---------+---------+-------+---------+---------+-------+---------
         Total |       0 |      38 |   0.0 |       0 |      21 |   0.0 |   608
               +---------+---------+-------+---------+---------+-------+---------
           D:1 |       0 |      38 |   0.0 |       0 |      21 |   0.0 |   606
               +---------+---------+-------+---------+---------+-------+---------
